 Seeded DCSS version 0.30.1-9-gdf580d7c3d (webtiles) character file.

Game seed: 7229806256980976716 (custom seed)

303 Psyclone the Magician (level 6, -4/40 HPs)
             Began as a Djinni Necromancer on Oct 15, 2023.
             Slain by a mummy (14 damage)
             ... in an ossuary.
             The game lasted 00:11:45 (3214 turns).

Psyclone the Magician (Djinni Necromancer)          Turns: 3214, Time: 00:11:45

Health: -4/40      AC:  3    Str:  7    XL:     6   Next: 66%
Gold:   189        EV: 12    Int: 19    God:
                   SH:  4    Dex: 13

rFire   + + .        f - +0 dagger
rCold   x . .        (no shield)
rNeg    . . .        a - +0 robe
rPois   ∞            (no helmet)
rElec   .            (no cloak)
rCorr   .            n - +0 pair of gloves
SInv    .            (boots unavailable)
Will    .....        (no amulet)
Stlth   ++           (no ring)
HPRegen 0.26/turn    (no ring)
MPRegen 0.00/turn

%: infuse magic (-5 HP)
@: flying, studying Spellcasting
A: sickness immunity, fire resistance 2, cold vulnerability 1, float, innate
caster, HP casting, extra vitality 1, large bone plates 1, deterioration 1,
sense surroundings 1, no potion heal 1
a: no special abilities


You were in an ossuary.
You visited 1 branch of the dungeon, and saw 4 of its levels.
You also visited: Ossuary.

You collected 189 gold pieces.

Inventory:

Hand Weapons
 f - a +0 dagger (weapon)
Missiles
 i - a throwing net {!f}
Armour
 a - a +0 robe (worn)
 n - a +0 pair of gloves (worn)
Magical Staves
 q - a staff of earth
Scrolls
 b - 3 scrolls of amnesia {unknown}
 c - 2 scrolls of blinking {unknown}
 d - 6 scrolls of identify {unknown}
 g - a scroll of enchant armour {unknown}
 h - a scroll of teleportation {unknown}
 m - a scroll of poison {unknown}
 r - a scroll of brand weapon {unknown}
Potions
 j - 2 potions of brilliance {unknown}
 k - a potion of invisibility {unknown}
 l - a potion of curing
 p - 2 potions of cancellation {unknown}
 s - a potion of attraction {unknown}
 u - 2 potions of flight {unknown}


   Skills:
 - Level 2.1 Dodging
 - Level 1.5 Stealth
 + Level 7.6 Spellcasting


You knew the following spells:

 Your Spells              Type           Power      Damage    Failure   Level
a - Necrotise             Necr           100%       1d9       1%          1
b - Vampiric Draining     Necr           36%        2d8       1%          3
c - Animate Dead          Necr           36%        N/A       4%          4
d - Agony                 Necr           36%        N/A       11%         5
e - Kiss of Death         Conj/Necr      100%       2d13      1%          1
f - Ensorcelled Hibernat  Hex/Ice        72%        N/A       1%          2
Your spell library was empty.

Dungeon Overview and Level Annotations

Branches:
Dungeon (4/15) Zot: 20986  Temple (0/1) D:4         Ossuary (1/1) Zot: 5800

Altars:
Elyvilon
Qazlal
Zin
The Shining One

Annotations:
D:3 3 runed translucent doors, laqueoix's ghost, amateur MiFi


Innate Abilities, Weirdness & Mutations

You are immune to sickness and miasma.
You are immune to poison.
Your flesh is very heat resistant. (rF++)
You are vulnerable to cold. (rC-)
You float through the air rather than walking.
You learn spells naturally, not from books.
Your magical power is your life essence.
You have superior vitality. (+4 MHP)
You are partially covered in large bone plates. (SH +4)
Your body sometimes deteriorates upon taking damage.
You passively map a small area around you.
Potions are less effective at restoring your health.


Message History

Your +0 robe unmelds from your body.
You now have 13/40 hp.
You start resting.
You feel a little less mighty now.
You regained 6 hp, and now have 19/40 hp.
You start resting.
A mummy opens the door.
You regained 11 hp, and now have 30/40 hp.
You hit the mummy but do no damage. You hit the mummy.
The mummy is lightly damaged.
The mummy hits you!
You take 10 damage, and have 20/40 hp.
MASSIVE DAMAGE!!
You hit the mummy.
The mummy is moderately damaged.
You hit the mummy.
The mummy is moderately damaged.
The mummy hits you!!
* * * LOW HITPOINT WARNING * * *
You take 18 damage, and have 2/40 hp.
MASSIVE DAMAGE!!
You feel better. The mummy hits you but does no damage.
You regained 6 hp, and now have 8/40 hp.
Really quaff the potion of mutation?
You feel extremely strange.
You regain control of your magic.
You feel your surroundings grow louder.
You feel yourself wasting away.
Your system partially rejects the healing effects of potions.
Large bone plates grow over parts of your arms.
You barely miss the mummy.
The mummy is moderately damaged.
The mummy barely misses you.
You hit the mummy.
The mummy is heavily damaged.
You hit the mummy.
The mummy is severely damaged.
The mummy misses you.
You hit the mummy but do no damage.
The mummy is severely damaged.
The mummy hits you!
You die...

** , ,*
+# ~,,
,.+ * *
#####.#*
#..@#.+ *
,,
#.∩.M.# *
#∩..#.'.#
**
#####.###
'.+ * *
M#** , ,
, , .' ,
* .# .'


You could see a mummy.

Vanquished Creatures
  A scorpion (D:4)
  A jelly (D:2)
  A sleepcap (D:4)
  2 mummies (Ossuary)
  7 adders
  An ufetubus (D:3)
  2 worms
  5 bats
  4 endoplasms
  6 giant cockroaches
  4 goblins
  7 hobgoblins
  17 jackals
  A kobold (D:4)
  4 quokkas
  6 ball pythons
  A frilled lizard (D:1)
  A goblin zombie (D:4)
  An orc zombie (D:4)
  4 rats
76 creatures vanquished.

Vanquished Creatures (collateral kills)
  A worm (D:2)
  3 jackals
4 creatures vanquished.

Grand Total: 80 creatures vanquished

Notes
Turn   | Place    | Note
-------+----------+-------------------------------------------
     0 | D:1      | Psyclone the Djinni Necromancer began the quest for the
                  | Orb.
     0 | D:1      | Psyclone set off with the following spells memorised:
                  | Necrotise, Vampiric Draining, Animate Dead, Agony.
     0 | D:1      | Reached XP level 1. HP: 15/15 MP: 0/0
    48 | D:1      | Identified 3 scrolls of acquirement
    48 | D:1      | Acquired a manual of Spellcasting
    51 | D:1      | Acquired a manual of Spellcasting
    57 | D:1      | Acquired a manual of Spellcasting
   271 | D:1      | Gained mutation: You passively map a small area around you.
                  | [potion of mutation]
   271 | D:1      | Gained mutation: Your spells are a little harder to cast,
                  | but a little more powerful. [potion of mutation]
   271 | D:1      | Gained mutation: You passively dampen the noise of your
                  | surroundings. [potion of mutation]
   378 | D:1      | Reached XP level 2. HP: 21/21 MP: 0/0
   385 | D:1      | Reached skill level 4 in Spellcasting
   628 | D:1      | Reached XP level 3. HP: 22/25 MP: 0/0
   628 | D:1      | Learned a level 1 spell: Kiss of Death
  1064 | D:2      | Reached skill level 5 in Spellcasting
  1091 | D:2      | Reached XP level 4. HP: 30/31 MP: 0/0
  1600 | D:2      | Reached skill level 6 in Spellcasting
  1600 | D:2      | Reached XP level 5. HP: 29/35 MP: 0/0
  1600 | D:2      | Learned a level 2 spell: Ensorcelled Hibernation
  1905 | D:3      | Found a runed translucent gate.
  1905 | D:3      | Found a runed translucent gate.
  1905 | D:3      | Found a runed translucent gate.
  1913 | D:3      | Noticed laqueoix's ghost (amateur MiFi)
  1986 | D:3      | Found a glowing silver altar of Zin.
  2454 | D:4      | Reached skill level 7 in Spellcasting
  2454 | D:4      | Reached XP level 6. HP: 28/40 MP: 0/0
  2577 | D:4      | Found a white marble altar of Elyvilon.
  2630 | D:4      | Found a glowing golden altar of the Shining One.
  2852 | D:4      | Found a staircase to the Ecumenical Temple.
  2875 | D:4      | Found a stormy altar of Qazlal.
  2968 | D:4      | Found a sand-covered staircase.
  3015 | Ossuary  | Entered an ossuary
  3208 | Ossuary  | HP: 2/40 [mummy (18)]
  3210 | Ossuary  | Lost mutation: Your spells are a little harder to cast, but
                  | a little more powerful. [potion of mutation]
  3210 | Ossuary  | Lost mutation: You passively dampen the noise of your
                  | surroundings. [potion of mutation]
  3210 | Ossuary  | Gained mutation: Your body sometimes deteriorates upon
                  | taking damage. [potion of mutation]
  3210 | Ossuary  | Gained mutation: Potions are less effective at restoring
                  | your health. [potion of mutation]
  3210 | Ossuary  | Gained mutation: You are partially covered in large bone
                  | plates. (SH +4) [potion of mutation]
  3214 | Ossuary  | Slain by a mummy

Illustrated notes

Levels and vault maps discovered:
D:1:      spicycebolla_arrival_ecumenical, layout_loops_ring
D:2:      layout_basic
D:3:      layout_rooms, mainiacjoe_overflow_paths, gammafunk_ghost_necromancy
D:4:      layout_rooms, tso_metal_star, mainiacjoe_overflow_catwalk,
          elyvilon_altar_5, minmay_temple_entry_stoned_glass,
          nicolae_ossuary_entry_giza, minmay_misc_feat_square, minivault_4
Ossuary:  ossuary_zaba_flooded

Skill      XL: |  1  2  3  4  5 |
---------------+----------------+-----
Spellcasting   | 4 5 6 7 |  7.6
Dodging        | |  2.1
Stealth        | |  1.5

Action                     |  1- 3 |  4- 6 || total
---------------------------+-------+-------++-------
  Melee: Dagger            |       |    65 ||    65
   Cast: Necrotise         |    54 |    94 ||   148
         Vampiric Draining |       |     4 ||     4
         Animate Dead      |       |     2 ||     2
    Use: Scroll            |     3 |       ||     3
         Potion            |     1 |     6 ||     7
   Stab: Sleeping          |       |     1 ||     1
 Armour: Robe              |     1 |    15 ||    16
         Skin              |       |     3 ||     3
  Dodge: Dodged            |     7 |    66 ||    73
